 Dungeon Crawl Stone Soup version 0.31-a0-1626-g5cb510d322 (webtiles) character file.

Game seed: 17546046249286129344

324 Ivernyr the Shield-Bearer (level 6, -6/50 HPs)
             Began as a Formicid Fighter on Jan 12, 2024.
             Mangled by Grinder (8 damage)
             ... on level 3 of the Dungeon.
             The game lasted 00:03:33 (2744 turns).

Ivernyr the Shield-Bearer (Formicid Fighter)        Turns: 2744, Time: 00:03:34

Health: -6/50      AC:  7    Str: 22    XL:     6   Next: 78%
Magic:  6/6        EV:  9    Int:  8    God:
Gold:   231        SH:  5    Dex: 13    Spells: 5/5 levels left

rFire   . . .        a - +0 quarterstaff
rCold   . . .        c - +0 buckler
rNeg    . . .        b - +0 scale mail
rPois   .            (helmet unavailable)
rElec   .            (no cloak)
rCorr   .            (no gloves)
SInv    +            (no boots)
Will    .....        (no amulet) Stlth
                     (no ring)
HPRegen 0.28/turn    (no ring)
MPRegen 0.10/turn

%: no passive effects
@: no status effects
A: permanent stasis, dig shafts and tunnels, antennae 3, four strong arms
a: Dig, Shaft Self


You were on level 3 of the Dungeon.
You visited 1 branch of the dungeon, and saw 3 of its levels.

You collected 231 gold pieces.

Inventory:

Hand Weapons
 a - a +0 quarterstaff (weapon)
Armour
 b - a +0 scale mail (worn)
 c - a +0 buckler (worn)
Scrolls
 k - a scroll of identify {unknown}
Potions
 d - a potion of might
 e - a potion of mutation {unknown}
 f - 2 potions of enlightenment {unknown}
 g - a potion of heal wounds {unknown}
 h - a potion of ambrosia {unknown}
 i - a potion of curing {unknown}
 j - 2 potions of degeneration {unknown}
 l - a potion of attraction {unknown}


   Skills:
 + Level 4.8 Fighting
 + Level 3.7 Staves
 + Level 4.7 Armour
 + Level 5.7 Shields


You had 5 spell levels left.
You didn't know any spells.
Your spell library contained the following spells:

 Spells                   Type           Power      Damage    Failure   Level
 Scorch                   Fire           0%         2d5       89%         2
 Flame Wave               Conj/Fire      0%         2d4       100%        4
 Summon Cactus Giant      Summ           0%         N/A       100%        6


Dungeon Overview and Level Annotations

Branches:
Dungeon (3/15)

Altars:
Fedhas
Sif Muna

Shops:
D:1 !

Annotations:
D:3 Grinder


Innate Abilities, Weirdness & Mutations

You cannot be hasted, slowed, berserked, paralysed or teleported.
You can dig through walls and to a lower floor.
You have a pair of large antennae on your head. (SInv)
Your four strong arms can wield two-handed weapons with a shield.


Message History

You closely miss Grinder.
Grinder is moderately wounded.
Grinder hits you!
You barely miss Grinder.
Grinder is moderately wounded.
Grinder gestures at you.
You struggle to resist.
You barely miss Grinder.
Grinder is moderately wounded.
Grinder completely misses you.
A rat comes into view.
Grinder gestures at you. You resist with some effort.
The rat squeaks loudly.
You hit Grinder but do no damage.
Grinder is moderately wounded.
Grinder gestures at you. Pain shoots through your body!
You barely miss Grinder.
Grinder is moderately wounded.
Grinder hits you!
* * * LOW HITPOINT WARNING * * *
You writhe in agony.
* * * LOW HITPOINT WARNING * * *
You sock Grinder!
Grinder is heavily wounded.
Grinder hits you but does no damage.
You barely miss Grinder.
Grinder is heavily wounded.
Grinder completely misses you. You block the rat's attack. x2
Grinder hits you.
* * * LOW HITPOINT WARNING * * *
You writhe in agony.
* * * LOW HITPOINT WARNING * * *
Grinder gestures at you. You resist with some effort.
The rat closely misses you.
You begin to dig a shaft.
You continue digging a shaft.
Grinder hits you!
You die...
Grinder says, "Now the real fun starts!"

......##...# #......
#....##...# #......
#....##...###......
#.....+............
#.....#...#####....
#.....).......#....
##....#...#...#....
#....#...##..#....
#@##.#.......#....
#.....5r.#.#..####.#.###
###.#....#.#..#.##......
......#.#..#.##......
#.#....#.#.......#..>.
#.####.#.#..#......#.# #
,.. #..#.....<... ##
#..#.######.#
##.#......#.#


You could see Grinder and a rat.

Vanquished Creatures
  Sigmund (D:2)
  A jelly (D:3)
  An orc wizard (D:3)
  3 gnolls (D:2)
  2 adders (D:2)
  A dart slug (D:1)
  6 ribbon worms
  An orc (D:3)
  7 bats
  2 endoplasms
  3 giant cockroaches
  2 goblins
  2 hobgoblins
  4 quokkas
  5 ball pythons
  4 frilled lizards
  5 kobolds
  A rat (D:3)
51 creatures vanquished.

Notes
Turn   | Place    | Note
-------+----------+-------------------------------------------
     0 | D:1      | Ivernyr the Formicid Fighter began the quest for the Orb.
     0 | D:1      | Reached XP level 1. HP: 18/18 MP: 1/1
   207 | D:1      | Reached XP level 2. HP: 22/24 MP: 2/2
   244 | D:1      | Found Plog's Distillery.
   680 | D:1      | Reached XP level 3. HP: 27/29 MP: 3/3
   963 | D:2      | Noticed Sigmund
   981 | D:2      | Killed Sigmund
   982 | D:2      | Reached skill level 5 in Shields
   982 | D:2      | Reached XP level 4. HP: 11/38 MP: 4/4
   982 | D:2      | Reached XP level 5. HP: 12/43 MP: 5/5
  1304 | D:2      | Found a faded altar of an unknown god.
  1311 | D:2      | Reached XP level 6. HP: 49/49 MP: 6/6
  1408 | D:2      | Identified the +7 hand axe of Action {freeze, rF+ Int+2
                  | Dex+4}
  2136 | D:3      | Found a shimmering blue altar of Sif Muna.
  2297 | D:3      | Found a blossoming altar of Fedhas.
  2725 | D:3      | Noticed Grinder
  2742 | D:3      | HP: 2/50 [Grinder (6)]
  2744 | D:3      | Mangled by Grinder

Illustrated notes

Levels and vault maps discovered:
D:1:      roderic_octagonal_star, layout_loops_corners, serial_shops,
          nicolae_shop_industrial_runoff, minmay_misc_feat_hallway
D:2:      layout_basic, basic_ecumenical_altar, due_unseen_surprise,
          uniq_sigmund
D:3:      layout_basic, kennysheep_orc_sif_temple, mainiacjoe_overflow_paths,
          uniq_grinder

Skill      XL: |  1  2  3 |
---------------+----------+-----
Fighting       | 4 |  4.8
Staves         | 3 |  3.7
Armour         | 4 |  4.7
Shields        | 5 |  5.7

Action                     |  1- 3 |  4- 6 || total
---------------------------+-------+-------++-------
  Melee: Quarterstaff      |    64 |   110 ||   174
Ability: Dig               |       |     1 ||     1
         Shaft Self        |       |     1 ||     1
 Armour: Scale mail        |    46 |    63 ||   109
  Dodge: Dodged            |    28 |    42 ||    70
  Block: Buckler           |    20 |    24 ||    44

Table legend: (Time is in decaauts)
 A = Elapsed time spent in this place.
 B = Non-inter-level travel time spent in this place.
 C = Inter-level travel time spent in this place.
 D = Time resting spent in this place.
 E = Time spent auto-exploring this place.
 F = Levels seen in this place.
 G = Mean time per level.
                   A        B        C        D        E       F      G
               +--------+--------+--------+--------+--------+-----+--------+
         Total |   2778 |   2689 |     89 |    388 |   1825 |   3 |  926.0 |
       Dungeon |   2778 |   2689 |     89 |    388 |   1825 |   3 |  926.0 |
               +--------+--------+--------+--------+--------+-----+--------+

Top non-repeatable levels by time:
     D:1: 972 daAuts
     D:2: 905 daAuts
     D:3: 900 daAuts
